Map: Magannatha LE

Players

mares

  • Race: Protoss Protoss
  • Spawn Location: 5:00

A.I. 1 (Very Easy) - Winner!

  • Race: Terran Terran
  • Spawn Location: 11:00

VOD

Have the link to the VOD?

Description

Time

  • Played on: June 12, 2025, 3:39 a.m.
  • Length: 5:10
Show
View Real Time Build Order
Export as new Build Order

mares Protoss 

Build Orders: 1 Gate Expand, Dark Templar Rush 

Get SALT Encoding   

  6  0:00  Probe  
  13  0:12  Probe  
  14  0:17  Pylon  
  14  0:23  Probe  
  14  0:27  Assimilator  
  15  0:31  Probe  
  16  0:39  Probe  
  16  0:45  Gateway  
  17  0:51  Probe  
  18  1:03  Probe  
  19  1:15  Probe  
  20  1:25  Nexus  
  20  1:36  Cybernetics Core  
  21  1:41  Assimilator  
  21  1:44  Probe  
  21  1:51  Pylon  
  21  1:56  Probe  
  21  2:00  Stalker  
  23  2:08  Probe  
  23  2:14  Shield Battery  
  25  2:17  Warp Gate  
  25  2:20  Probe  
  26  2:30  Twilight Council  
  26  2:32  Probe  
  27  2:37  Sentry  
  27  2:44  Probe  
  30  2:45  Probe  
  30  2:49  Pylon  
  31  2:56  Probe  
  31  2:57  Probe  
  33  3:07  Robotics Facility  
  33  3:12  Dark Shrine  
  33  3:16  Probe x2  
  35  3:28  Probe, Gateway  
  35  3:29  Probe  
  37  3:35  Assimilator  
  37  3:37  Assimilator  
  38  3:45  Gateway  
  38  3:48  Warp Prism, Gateway  
  39  4:04  Probe x2  
  41  4:16  Probe x2  
  43  4:24  Dark Templar x2  
  45  4:29  Probe x2  
  49  4:39  Dark Templar  
  49  4:42  Dark Templar  
  49  4:43  Probe  
  54  4:48  Pylon  
  54  5:02  Forge  
  54  5:06  Nexus  
Show
View Real Time Build Order
Export as new Build Order

A.I. 1 (Very Easy) Terran - Winner!

Build Orders:  

Get SALT Encoding   

  6  0:00  SCV  
  13  0:13  SCV  
  14  0:18  Supply Depot  
  14  0:37  Refinery  
  14  0:42  Barracks  
  14  1:04  Supply Depot  
  14  1:12  Refinery  
  14  1:29  Marine, SCV  
  16  1:41  SCV  
  17  1:53  SCV  
  18  2:05  Marine, SCV  
  20  2:17  SCV  
  21  2:29  SCV  
  22  2:41  Marine  
  22  2:42  Orbital Command  
  23  4:37  SCV  
  21  4:39  Marine  
  12  4:49  SCV  
Tags
 
Add a new tag
Caveats
  • Supply blocks, unpowered buildings, or Contaminate may cause inaccurate times.
  • Supply counts are checked every 10 seconds.